 Dungeon Crawl Stone Soup version 0.28.0 (webtiles) character file.

Game seed: 683480628312437609

227 SnakkuSnakku7 the Grave Robber (level 6, 0/41 HPs)
             Began as a Barachi Necromancer on Feb 15, 2022.
             Slain by an ufetubus (5 damage)
             ... on level 4 of the Dungeon.
             The game lasted 00:04:53 (2742 turns).

SnakkuSnakku7 the Grave Robber (BaNe)               Turns: 2742, Time: 00:04:53

Health: 0/41       AC:  2    Str:  9    XL:     6   Next: 2%
Magic:  18/18      EV: 12    Int: 24    God:
Gold:   155        SH:  0    Dex: 12    Spells: 5/9 levels left

rFire   . . .      SeeInvis .   a - +0 hand crossbow
rCold   . . .      Faith    .   (no shield)
rNeg    . . .      Spirit   .   j - +0 robe
rPois   .          Reflect  .   (no helmet)
rElec   .          Harm     .   (no cloak)
rCorr   .          Rampage  .   (no gloves)
Will    .....                   (no boots)
Stlth   ++........              (no amulet)
HPRegen 0.13/turn               c - +6 ring of intelligence
MPRegen 0.16/turn               m - ring of magical power

@: slow
A: amphibious, slowness 1, strong legs 1, +LOS
a: Hop


You were on level 4 of the Dungeon.
You visited 1 branch of the dungeon, and saw 4 of its levels.

You collected 155 gold pieces.

Inventory:

Hand Weapons
 a - a +0 hand crossbow (weapon)
Missiles
 d - 62 bolts (quivered ammo)
 i - a throwing net
Armour
 j - a +0 robe (worn)
Magical Staves
 b - a staff of death
Jewellery
 c - a +6 ring of intelligence (left hand)
 g - a +6 ring of strength
 m - a ring of magical power (right hand)
Wands
 n - a wand of flame (13)
Scrolls
 k - a scroll of teleportation {unknown}
 l - a scroll of enchant weapon {unknown}
 o - a scroll of vulnerability {unknown}
Potions
 e - a potion of cancellation {unknown}
 f - a potion of curing {unknown}
 h - a potion of attraction {unknown}
 p - a potion of lignification {unknown}


   Skills:
 + Level 3.7 Crossbows
 - Level 2.1 Dodging
 - Level 1.7 Stealth
 - Level 2.1 Spellcasting
 - Level 5.2 Necromancy


You had 5 spell levels left.
You knew the following spells:

 Your Spells              Type           Power      Damage    Failure   Level
a - Pain                  Necr           100%       1d9       1%          1
b - Vampiric Draining     Necr           27%        2d7       4%          3

Your spell library contained the following spells:

 Spells                   Type           Power      Damage    Failure   Level
 Animate Skeleton         Necr           54%        N/A       1%          1
 Sublimation of Blood     Necr           27%        N/A       1%          2
 Sandblast                Erth           4%         2d4       12%         1
 Animate Dead             Necr           13%        N/A       14%         4
 Passwall                 Tmut/Erth      1%         N/A       19%         2
 Stone Arrow              Conj/Erth      4%         3d7       34%         3
 Agony                    Necr           27%        N/A       36%         5
 Petrify                  Tmut/Erth      2%         N/A       75%         4
 Irradiate                Conj/Tmut      1%         3d14      97%         5


Dungeon Overview and Level Annotations

Branches:
Dungeon (4/15)
 Temple: D:4-7

Altars:
Cheibriados
Trog
Xom
The Shining One


Innate Abilities, Weirdness & Mutations

You are amphibious.
You cover ground slowly.
You can hop short distances.
You have an extended range of vision and can be seen from far away.


Message History

The ufetubus barely misses you.
You closely miss the ufetubus. The ufetubus hits you.
The ufetubus closely misses you. The ufetubus barely misses you. x2
You closely miss the ufetubus. The ufetubus hits you. x2
The ufetubus hits you but does no damage.
The ufetubus closely misses you.
You closely miss the ufetubus.
The ufetubus hits you but does no damage.
The ufetubus closely misses you. x2; The ufetubus barely misses you.
a - a +0 hand crossbow (weapon)
Fire: 66 bolts
Press: ? - help, Q - select action, (/) - cycle Shift-Dir - straight line, f - ufetubus
Aim: an ufetubus (44% to hit)
You shoot a bolt. The bolt barely misses the ufetubus.
The ufetubus misses you. The ufetubus hits you. The ufetubus misses you.
The ufetubus hits you but does no damage.
Fire: 65 bolts
Press: ? - help, Q - select action, (/) - cycle Shift-Dir - straight line, f/p - ufetubus
Aim: an ufetubus (44% to hit)
You shoot a bolt.
The bolt hits the ufetubus but does no damage.
The ufetubus hits you. x3; The ufetubus misses you.
Fire: 64 bolts
Press: ? - help, Q - select action, (/) - cycle Shift-Dir - straight line, f/p - ufetubus
Aim: an ufetubus (44% to hit)
You shoot a bolt. The bolt hits the ufetubus.
The ufetubus is heavily wounded.
The ufetubus misses you. The ufetubus hits you.
* * * LOW HITPOINT WARNING * * *
The ufetubus hits you.
* * * LOW HITPOINT WARNING * * *
The ufetubus closely misses you.
Fire: 63 bolts
Press: ? - help, Q - select action, (/) - cycle Shift-Dir - straight line, f/p - ufetubus
Aim: an ufetubus (heavily wounded, 44% to hit)
You shoot a bolt. The bolt misses the ufetubus.
The ufetubus hits you.
* * * LOW HITPOINT WARNING * * *
The ufetubus barely misses you. The ufetubus misses you. The ufetubus hits you.
You die...

#<... ........
..... ........ .#
....# ##........ ..
#.#.##.........
#.#..............
#................
##........?.......
#..............!..
#......<.@5......(
...................
.......##..........
....... ...........
.#..#. ............
#. #.............#
# ##.............
............#.
.............#


You could see an ufetubus.

Vanquished Creatures
  A scorpion (D:3)
  2 jellies (D:2)
  2 adders (D:3)
  A worm (D:2)
  A dart slug (D:2)
  An orc (D:3)
  5 ball pythons
  15 endoplasms
  3 giant cockroaches (D:1)
  7 goblins
  5 hobgoblins
  4 jackals (D:1)
  13 kobolds
  4 quokkas
  5 bats
  A frilled lizard (D:1)
  6 rats
76 creatures vanquished.

Vanquished Creatures (others)
  6 fungi (D:2)
  10 toadstools (D:2)
16 creatures vanquished.

Grand Total: 92 creatures vanquished

Notes
Turn   | Place    | Note
-------+----------+-------------------------------------------
     0 | D:1      | SnakkuSnakku7 the Barachi Necromancer began the quest for
                  | the Orb.
     0 | D:1      | Reached XP level 1. HP: 13/13 MP: 3/3
    59 | D:1      | Found a faded altar of an unknown god.
   210 | D:1      | Reached skill level 4 in Necromancy
   210 | D:1      | Reached XP level 2. HP: 14/19 MP: 0/5
   571 | D:1      | Reached XP level 3. HP: 15/24 MP: 0/6
   575 | D:1      | Learned a level 3 spell: Vampiric Draining
  1187 | D:2      | Reached skill level 5 in Necromancy
  1187 | D:2      | Reached XP level 4. HP: 9/30 MP: 0/7
  2039 | D:2      | Reached skill level 1 in Crossbows
  2168 | D:2      | Reached XP level 5. HP: 27/35 MP: 4/8
  2376 | D:3      | Found a faded altar of an unknown god.
  2376 | D:3      | Found a glowing golden altar of the Shining One.
  2383 | D:3      | Found a shimmering altar of Xom.
  2385 | D:3      | Found a bloodstained altar of Trog.
  2387 | D:3      | Found a snail-covered altar of Cheibriados.
  2582 | D:3      | Reached XP level 6. HP: 40/41 MP: 0/9
  2742 | D:4      | Slain by an ufetubus

Illustrated notes

Levels and vault maps discovered:
D:1:      lemuel_arrival_broad_hall, layout_rooms,
          hellmonk_ecumenical_altar_pennies_from_heaven
D:2:      cheibrodos_fertilizer, layout_basic
D:3:      layout_rooms, chequers_temple_overflow_minitemple,
          kennysheep_big_empty_room, supply_closet_lemuel
D:4:      minmay_chambers_of_threes, layout_cave_pools,
          okawaru_metal_pillars_1_2, kennysheep_mini, serial_shops, shop

Skill      XL: |  1  2  3  4  5 |
---------------+----------------+-----
Necromancy     | 4 5 |  5.2
Crossbows      | 2 3 |  3.7
Dodging        | |  2.1
Stealth        | |  1.7
Spellcasting   | |  2.1

Action                   |  1- 3 |  4- 6 || total
-------------------------+-------+-------++-------
Melee: Staff             |    28 |    73 ||   101
       Punch             |       |     1 ||     1
 Fire: Hand crossbow     |       |     5 ||     5
 Cast: Pain              |    48 |    17 ||    65
       Vampiric Draining |     1 |    14 ||    15
 Abil: Hop               |       |     2 ||     2
 Stab: Sleeping          |     1 |     1 ||     2
Armor: Robe              |    11 |    21 ||    32
Dodge: Dodged            |    37 |    84 ||   121
